 Dungeon Crawl Stone Soup version 0.31-a0-963-ga325b2283a (webtiles) character file.

Game seed: 645154780349519482

1022 Arcadio the Zephyrmancer (level 8, -4/41 HPs)
             Began as a Tengu Air Elementalist on Oct 25, 2023.
             Was a Believer of the Shining One.
             Slain by a hornet (14 damage)
             ... while paralysed by a hornet
             ... on level 6 of the Dungeon.
             The game lasted 00:15:51 (6085 turns).

Arcadio the Zephyrmancer (Tengu Air Elementalist)   Turns: 6085, Time: 00:15:51

Health: -4/41      AC:  3    Str:  9    XL:     8   Next: 22%
Magic:  23/25      EV:  2    Int: 17    God:    the Shining One [**....]
Gold:   329        SH:  0    Dex: 15    Spells: 7/17 levels left

rFire   . . .        c - +0 dagger
rCold   . . .        (no shield)
rNeg    + . .        a - +0 robe
rPois   +            (helmet restricted)
rElec   .            (no cloak)
rCorr   .            t - +0 pair of gloves
SInv    .            (boots unavailable)
Will    .....        (no amulet)
Stlth   +            j - ring of magical power
HPRegen 0.26/turn    o - ring of poison resistance
MPRegen 0.19/turn

%: acrobat
@: paralysed, flying, glowing
A: beak, talons 3, evasive flight, acrobatic
a: Renounce Religion, Divine Shield


You were on level 6 of the Dungeon.
You worshipped the Shining One.
The Shining One was pleased with you.
You visited 1 branch of the dungeon, and saw 6 of its levels.

You collected 329 gold pieces.

Inventory:

Hand Weapons
 c - a +0 dagger (weapon)
Armour
 a - a +0 robe (worn)
 p - the +0 leather armour "Ized" {Str+2}
   (You found it on level 4 of the Dungeon)

   Str+2:     It affects your strength (+2).
 t - a +0 pair of gloves (worn)
Jewellery
 j - a ring of magical power (left hand)
 o - a ring of poison resistance (right hand)
 q - an amulet of guardian spirit
Scrolls
 e - a scroll of enchant armour
 f - 2 scrolls of fear
 h - 4 scrolls of teleportation
 i - a scroll of vulnerability {unknown}
 k - a scroll of torment {unknown}
 n - a scroll of poison {unknown}
 s - a scroll of amnesia {unknown}
 v - a scroll of brand weapon {unknown}
 w - a scroll of enchant weapon {unknown}
Potions
 b - a potion of magic
 d - 3 potions of curing
 g - a potion of berserk rage
 l - a potion of enlightenment {unknown}
 m - 2 potions of heal wounds
 r - 2 potions of mutation {unknown}
 u - a potion of attraction {unknown}


   Skills:
 + Level 6.3 Dodging
 - Level 2.0 Stealth
 + Level 5.2 Spellcasting
 - Level 1.3 Conjurations
 + Level 8.0 Air Magic


You had 7 spell levels left.
You knew the following spells:

 Your Spells              Type           Power      Damage    Failure   Level
a - Shock                 Conj/Air       80%        1d8       1%          1
b - Static Discharge      Conj/Air       40%        3-5/arc   3%          2
c - Swiftness             Air            31%        N/A       1%          3
d - Airstrike             Air            15%        2d(3-19)  4%          4

Your spell library contained the following spells:

 Spells                   Type           Power      Damage    Failure   Level
 Poisonous Vapours        Pois/Air       36%        N/A       4%          2
 Cigotuvi's Dreadful Rot  Necr/Pois/Air  26%        N/A       7%          2
 Foxfire                  Conj/Fire      24%        2x1d5     11%         1
 Mephitic Cloud           Conj/Pois/Air  15%        N/A       12%         3
 Apportation              Tloc           8%         N/A       14%         1
 Necrotise                Necr           16%        1d4       14%         1
 Summon Small Mammal      Summ           16%        N/A       14%         1
 Dazzling Flash           Conj/Hex       12%        N/A       32%         3
 Ignite Poison            Fire/Tmut/Pois 4%         N/A       38%         3
 Ozocubu's Armour         Ice            4%         N/A       38%         3
 Silence                  Hex/Air        9%         N/A       58%         5
 Freezing Cloud           Conj/Ice/Air   7%         6-21      71%         5
 Agony                    Necr           4%         N/A       98%         5
 Plasma Beam              Fire/Air       9%         2x1d19    99%         6
 Starburst                Conj/Fire      3%         6d3       100%        6
 Ozocubu's Refrigeration  Ice            2%         4d7       100%        7


Dungeon Overview and Level Annotations

Branches:
Dungeon (6/15) Zot: 26710
 Temple: D:4-7

Altars:
Cheibriados
Fedhas
Hepliaklqana
Qazlal
Trog
Xom
Yredelemnul
Zin
The Shining One

Annotations:
D:3 1 runed translucent door, Crazy Yiuf


Innate Abilities, Weirdness & Mutations

You have a beak for a mouth.
You have claws for feet.
Your magical flight helps you evade attacks. (EV +4)
You can magically evade attacks while moving or waiting.


Message History

The sky beast is severely wounded.
The sky beast hits you. The sky beast shocks you.
You barely miss the sky beast. You claw the sky beast. You peck the sky beast.
The sky beast is almost dead.
The sky beast hits you. The sky beast shocks you.
You closely miss the sky beast.
You claw the sky beast, but do no damage.
You peck the sky beast, but do no damage.
The sky beast is almost dead.
The sky beast barely misses you.
You hit the sky beast but do no damage. You claw the sky beast.
You kill the sky beast!
Your Air Magic skill increases to level 8!
You reach down and open the door.
An iguana comes into view.
The iguana hisses angrily.
There is an open door here.
You reach down and close the door.
An ogre comes into view. It is wielding a +0 giant club.
A hornet comes into view.
The hornet buzzes angrily.
As you open the door, it creaks loudly! The hornet closely misses you. x2
The ogre completely misses you.
There is an open door here.
The hornet attacks as it pursues you! The hornet misses you.
The hornet barely misses you.
You feel much better. The hornet misses you.
Casting: Static Discharge (safe; 3% risk of failure)
Confirm with . or Enter, or press ? or * to list all spells.
The hornet is struck by an arc of lightning.
The hornet is lightly wounded.
You are struck by an arc of lightning.
The hornet is struck by an arc of lightning.
The hornet is lightly wounded.
You are struck by an arc of lightning.
The lightning grounds out.
The hornet stings you!
You suddenly lose the ability to move!
The hornet stings you! The hornet stings you!
You die...

#### #.# ...# # #.#
#######...#.# #.#
..... ##...........#
#.#
.....##............#
#.#
...................#
#.#
.............#...#.#
#.# #........(..#####
#.# #........Oy@..#
#.#
....##........###.#
#.# .....##.......#
#.# #.#
.....#.......###.#+##
#.#
♣...##.............#
#.#
♣....#.............#
#.#
..♣....#.............#
#.#
.......#.####........#
#.# ♣../.+.#
#........#####.#


You could see a hornet and an ogre.

Vanquished Creatures
  A sky beast (D:6)
  A black bear (D:6)
  2 ogres (D:5)
  A phantom (D:5)
  A kobold brigand (D:6)
  3 scorpions
  3 hounds
  An orc priest (D:4)
  2 iguanas
  2 orc wizards (D:5)
  4 adders
  3 worms
  4 dart slugs
  3 orcs
  6 ball pythons
  5 bats
  6 endoplasms
  4 giant cockroaches
  5 goblins
  4 hobgoblins
  12 jackals
  3 quokkas
  A frilled lizard (D:2)
  9 kobolds
  3 rats
89 creatures vanquished.

Notes
Turn   | Place    | Note
-------+----------+-------------------------------------------
     0 | D:1      | Arcadio the Tengu Air Elementalist began the quest for the
                  | Orb.
     0 | D:1      | Reached XP level 1. HP: 10/10 MP: 4/4
   192 | D:1      | Reached XP level 2. HP: 15/15 MP: 3/6
   809 | D:2      | Found a faded altar of an unknown god.
   814 | D:2      | Reached XP level 3. HP: 19/19 MP: 2/7
   832 | D:2      | Prayed at the altar of an unknown god.
   832 | D:2      | Became a worshipper of the Shining One
   832 | D:2      | Reached * piety under the Shining One
  1723 | D:2      | Reached XP level 4. HP: 24/24 MP: 9/9
  2127 | D:3      | Found a blossoming altar of Fedhas.
  2224 | D:3      | Reached skill level 5 in Air Magic
  2479 | D:3      | Found a hazy altar of Hepliaklqana.
  2508 | D:3      | Found a shimmering altar of Xom.
  2529 | D:3      | Found a bloodstained altar of Trog.
  2575 | D:3      | Learned a level 2 spell: Static Discharge
  2579 | D:3      | Learned a level 3 spell: Swiftness
  2720 | D:3      | Found a runed translucent door.
  2721 | D:3      | Noticed Crazy Yiuf
  2792 | D:3      | Noticed a phantom
  2921 | D:4      | Noticed an orc warrior
  3313 | D:4      | Noticed a scorpion
  3324 | D:4      | Killed a scorpion
  3325 | D:4      | Reached XP level 5. HP: 8/28 MP: 8/10
  3475 | D:4      | Identified the +0 leather armour "Ized" {Str+2}
  3645 | D:4      | Reached XP level 6. HP: 9/32 MP: 7/12
  4045 | D:5      | Entered Level 5 of the Dungeon
  4122 | D:5      | Reached skill level 6 in Air Magic
  4238 | D:5      | Identified the +11 mace of Chagrin {drain, rPois Int+6}
  4365 | D:5      | Reached ** piety under the Shining One
  4385 | D:5      | Learned a level 4 spell: Airstrike
  4885 | D:5      | Reached skill level 5 in Dodging
  4885 | D:5      | Gained mutation: Your magical flight helps you evade
                  | attacks. (EV +4) [Tengu growth]
  4885 | D:5      | Reached XP level 7. HP: 5/36 MP: 14/14
  5174 | D:5      | Reached skill level 7 in Air Magic
  5556 | D:5      | Found a snail-covered altar of Cheibriados.
  5558 | D:5      | Found a glowing golden altar of the Shining One.
  5561 | D:5      | Found a glowing silver altar of Zin.
  5562 | D:5      | Found a basalt altar of Yredelemnul.
  5619 | D:5      | Found a stormy altar of Qazlal.
  5830 | D:6      | Reached skill level 5 in Spellcasting
  5830 | D:6      | Reached XP level 8. HP: 21/41 MP: 6/16
  6059 | D:6      | Reached skill level 8 in Air Magic
  6076 | D:6      | Noticed a hornet
  6084 | D:6      | Paralysed by a hornet for 2 turns
  6085 | D:6      | Slain by a hornet

Illustrated notes

Levels and vault maps discovered:
D:1:      noname_arrival_rooms_in_the_neighbourhood, layout_basic
D:2:      layout_basic, nicolae_ecumenical_snake_handling
D:3:      layout_basic, nicolae_overflow_quartered_altars, nrook_uturn,
          minmay_misc_feat_ornament, uniq_crazy_yiuf_cottage
D:4:      layout_gridville
D:5:      layout_loops_corners, minitemple
D:6:      layout_basic, portal_sewer_entry_a, kennysheep_potato

Skill      XL: |  1  2  3  4  5  6  7  8 |
---------------+-------------------------+-----
Dodging        | 3 4 5 6 |  6.3
Air Magic      | 5 6 7 8 |  8.0
Spellcasting   | 3 4 5 |  5.2
Stealth        | |  2.0
Conjurations   | |  1.3

Action                     |  1- 3 |  4- 6 |  7- 9 || total
---------------------------+-------+-------+-------++-------
  Melee: Dagger            |    10 |    95 |    33 ||   138
         Kick              |     1 |    39 |    18 ||    58
         Peck              |       |    17 |    10 ||    27
         Punch             |       |     1 |       ||     1
   Cast: Shock             |    59 |    37 |    21 ||   117
         Static Discharge  |       |    26 |    21 ||    47
 Invoke: Divine Shield     |       |     1 |       ||     1
    Use: Scroll            |     2 |     4 |       ||     6
         Potion            |       |     2 |     1 ||     3
   Stab: Sleeping          |     2 |       |       ||     2
 Armour: Robe              |     3 |    91 |    46 ||   140
  Dodge: Dodged            |    20 |    97 |    46 ||   163
  Block: Other             |       |     2 |       ||     2

Table legend: (Time is in decaauts)
 A = Elapsed time spent in this place.
 B = Non-inter-level travel time spent in this place.
 C = Inter-level travel time spent in this place.
 D = Time resting spent in this place.
 E = Time spent auto-exploring this place.
 F = Levels seen in this place.
 G = Mean time per level.
                   A        B        C        D        E       F      G
               +--------+--------+--------+--------+--------+-----+--------+
         Total |   6084 |   5968 |    116 |    215 |   4458 |   6 | 1014.0 |
       Dungeon |   6084 |   5968 |    116 |    215 |   4458 |   6 | 1014.0 |
               +--------+--------+--------+--------+--------+-----+--------+

Top non-repeatable levels by time:
     D:5: 1750 daAuts
     D:3: 1249 daAuts
     D:2: 1148 daAuts
     D:4: 899 daAuts
     D:1: 747 daAuts
     D:6: 288 daAuts
